 Dungeon Crawl Stone Soup version 0.17.2-1-ge4368a0 (webtiles) character file.

10578 Goblin1989 the Spear-Bearer (level 11, -6/89 HPs)
             Began as a Merfolk Gladiator on Nov 20, 2016.
             Was an Initiate of Gozag.
             Mangled by a seven-headed hydra (7 damage)
             ... on level 1 of the Lair of Beasts.
             The game lasted 00:49:08 (12558 turns).

Goblin1989 the Spear-Bearer (Merfolk Gladiator)    Turns: 12558, Time: 00:49:09

Health: -6/89      AC:  5    Str: 22    XL:     11   Next: 64%
Magic:  0/11       EV: 17    Int:  7    God:    Gozag
Gold:   462        SH:  4    Dex: 14    Spells: 3 memorised, 1 level left

rFire  . . .     SeeInvis +     a - +1 trident
rCold  . . .     Clarity  .     b - +0 ring mail
rNeg   + . .     SustAt   .     c - +0 buckler
rPois  .         Gourm    .     K - +0 hat {Spirit}
rElec  .         Spirit   +     (no cloak)
rCorr  .         Warding  +     (no gloves)
rMut   .         Stasis   .     (no boots)
MR     .....                    k - amulet of warding
Stlth  +.........               s - ring of see invisible
                                (no ring)

@: not resistant to hostile enchantments, very unstealthy
A: change form in water, swift swim, strong 1
a: Potion Petition, Call Merchant, Bribe Branch, Renounce Religion


You were on level 1 of the Lair of Beasts.
You worshipped Gozag.
Gozag was noncommittal.
You were completely stuffed.

You visited 4 branches of the dungeon, and saw 14 of its levels.
You also visited: Sewer.

You collected 1882 gold pieces.
You spent 1305 gold pieces at shops.
You paid 115 gold pieces to Gozag.

Inventory:

Hand Weapons
 a - a +1 trident (weapon)
 w - a +0 blowgun {@w1}
Missiles
 f - 104 arrows
 o - 22 arrows of frost
 u - 66 poisoned needles
 Z - 2 throwing nets (quivered) {=f, !d}
Armour
 b - a +0 ring mail (worn)
 c - a +0 buckler (worn)
 p - a +0 cloak
 K - a +0 hat of spirit shield (worn)
Jewellery
 g - an amulet of guardian spirit
 k - an amulet of warding (around neck)
 s - a ring of see invisible (right hand)
 x - a ring of ice
 y - a ring of fire
Wands
 h - a wand of heal wounds (1) {!v, @v2}
 H - a wand of frost (27)
Scrolls
 l - 2 scrolls of recharging
 m - 2 scrolls of noise {unknown}
 t - 11 scrolls of remove curse {@r2}
 z - 2 scrolls of fear
 A - 4 scrolls of amnesia {unknown}
 B - 2 scrolls of fog
 C - 2 scrolls of blinking
 D - 2 scrolls of holy word
 F - 2 scrolls of magic mapping {unknown}
 M - a scroll of summoning {unknown}
 T - 2 scrolls of teleportation {!r, @r4}
Potions
 d - 2 potions of agility
 i - 10 potions of curing {@q1}
 j - a potion of flight
 q - a potion of heal wounds {!q, @q2}
 r - a potion of cancellation
 v - 2 potions of brilliance
 G - a potion of magic
 L - 2 potions of haste {!q, @q3}
Comestibles
 e - 12 bread rations {@e1}
 E - a slice of pizza
 J - 2 meat rations {@e2}


   Skills:
 + Level 9.1 Fighting
 - Level 14.1 Polearms
 - Level 2.0 Throwing
 - Level 2.6 Armour
 + Level 10.9 Dodging
 + Level 2.4 Shields
 * Level 7.6 Unarmed Combat
 * Level 4.9 Transmutations
 * Level 2.9 Earth Magic


You had one spell level left.
You knew the following spells:

 Your Spells              Type           Power        Failure   Level  Hunger
a - Sticks to Snakes      Trmt           #.........   21%         2    ###....
B - Summon Butterflies    Summ           #.......     85%         1    ##.....
Y - Statue Form           Trmt/Erth      #........    100%        6    #######


Dungeon Overview and Level Annotations

Branches:
Dungeon (10/15)            Temple (1/1) D:5            Lair (1/8) D:10
    Orc (2/4) D:9

Altars:
Ashenzari
Cheibriados
Dithmenos
Elyvilon
Fedhas
Gozag
Kikubaaqudgha
Makhleb
Nemelex Xobeh
Okawaru
Qazlal
Ru
Sif Muna
Trog
Vehumet
Xom
Yredelemnul
Zin
The Shining One

Shops:
D:4 :(}[:   D:5 }   D:6 !   Orc:1 *

Annotations:
D:7 exclusion: statue


Innate Abilities, Weirdness & Mutations

You revert to your normal form in water.
You are very nimble and swift while swimming.
Your muscles are strong. (Str +2)


Message History

The seven-headed hydra closely misses you.
The seven-headed hydra barely misses you.
The seven-headed hydra bites you.
* * * LOW HITPOINT WARNING * * *
You take 13 damage, and have 16/89 hp.
You now have 1/11 mp.
You puncture the seven-headed hydra!
The seven-headed hydra is almost dead.
Unknown command.
You hit the seven-headed hydra.
The seven-headed hydra is almost dead.
The seven-headed hydra bites you.
* * * LOW HITPOINT WARNING * * *
The seven-headed hydra bites you.
* * * LOW HITPOINT WARNING * * *
The seven-headed hydra bites you!
* * * LOW HITPOINT WARNING * * *
The seven-headed hydra closely misses you. x2
The seven-headed hydra bites you!
You die...
Your body crumbles into a pile of gold.

█...)..........
█..............
█...............
███.███.█......█
████......█.██
█..........█
██..........
█..........
█..@.......
█...D..█.█.
██.██...... ███
...≈≈≈ ..≈P≈
..≈≈≈ .... ....


You could see a seven-headed hydra.

Vanquished Creatures
  Gastronok (D:8)
  Erolcha (D:9)
  Erica (D:8)
  2 hill giants
  Maurice (D:8)
  A komodo dragon (Lair:1)
  An elephant (D:10)
  3 yaks
  A human (D:7)
  Grum (D:8)
  A wyvern (D:8)
  A hippogriff (D:8)
  A steam dragon (D:7)
  2 wolves (D:8)
  2 ice beasts (D:8)
  3 sky beasts
  A water moccasin (D:10)
  An orc warrior (D:8)
  A wasp (D:9)
  A necrophage (D:9)
  A phantom (D:7)
  6 ogres
  4 centaurs
  A crocodile (D:10)
  4 giant frogs
  A big kobold (Sewer)
  5 scorpions
  14 killer bees
  6 crimson imps
  A wight (D:10)
  2 giant frog skeletons
  A centaur zombie (D:5)
  3 jellies
  5 orc wizards
  Ijyb (D:2)
  6 hounds
  5 orc priests
  Natasha (thrice) (D:2)
  3 iguanas
  4 worker ants
  5 sheep
  9 adders
  2 shadow imps (D:7)
  6 oozes
  2 adder skeletons (D:9)
  A worm (D:3)
  38 orcs
  14 bats
  10 giant cockroaches
  12 hobgoblins
  11 jackals
  24 kobolds
  8 quokkas
  7 ball pythons
  A giant cockroach zombie (D:5)
  6 giant geckos
  A giant gecko skeleton (D:5)
  20 giant newts
  14 goblins
  12 rats
306 creatures vanquished.

Notes
Turn   | Place    | Note
--------------------------------------------------------------
     0 | D:1      | Goblin1989 the Merfolk Gladiator began the quest for the Orb.
     0 | D:1      | Reached XP level 1. HP: 16/16 MP: 1/1
    93 | D:1      | Reached skill level 5 in Polearms
   299 | D:1      | Reached XP level 2. HP: 17/22 MP: 2/2
   440 | D:1      | Reached skill level 6 in Polearms
   440 | D:1      | Reached XP level 3. HP: 18/27 MP: 3/3
  1134 | D:2      | Reached XP level 4. HP: 33/33 MP: 4/4
  1176 | D:2      | Reached skill level 7 in Polearms
  1629 | D:2      | Noticed Natasha
  1637 | D:2      | Killed Natasha
  1745 | D:2      | Reached skill level 8 in Polearms
  1900 | D:2      | Reached XP level 5. HP: 34/38 MP: 5/5
  1985 | D:2      | Noticed Ijyb
  2034 | D:2      | Killed Ijyb
  2087 | D:2      | Noticed Natasha
  2094 | D:2      | Killed Natasha
  2389 | D:3      | Reached XP level 6. HP: 39/45 MP: 4/6
  2397 | D:3      | Reached skill level 9 in Polearms
  2930 | D:3      | Noticed an orc warrior
  3015 | D:2      | Noticed Natasha
  3017 | D:2      | Killed Natasha
  3582 | D:4      | Learned a level 1 spell: Summon Butterflies
  3582 | D:4      | Gained mutation: Your muscles are strong. (Str +2) [potion of beneficial mutation]
  3601 | D:4      | Found Peseedud's Antique Armour Boutique.
  3604 | D:4      | Found Veapnouss's Gadget Emporium.
  3627 | D:4      | Reached skill level 1 in Armour
  3634 | D:4      | Found Wuicziw's Weapon Emporium.
  3637 | D:4      | Reached XP level 7. HP: 13/52 MP: 7/7
  3652 | D:4      | Found Cigod's Book Shop.
  3747 | D:4      | Reached skill level 5 in Dodging
  3784 | D:4      | Found Mieset's Book Boutique.
  3928 | D:4      | Reached skill level 10 in Polearms
  4155 | D:4      | Found a glowing drain.
  4164 | Sewer    | Entered a sewer
  4861 | D:4      | You fall through a shaft!
  4861 | D:5      | Entered Level 5 of the Dungeon
  5092 | D:5      | Reached XP level 8. HP: 53/60 MP: 8/8
  5260 | D:5      | Found Omiav's Gadget Shop.
  5281 | D:5      | Found a staircase to the Ecumenical Temple.
  5299 | Temple   | Entered the Ecumenical Temple
  5378 | Temple   | Became a worshipper of Gozag Ym Sagoz the Greedy
  5523 | D:5      | Found a shimmering altar of Xom.
  5665 | D:5      | Reached skill level 11 in Polearms
  6151 | D:6      | Reached skill level 5 in Fighting
  6602 | D:6      | Reached skill level 12 in Polearms
  6605 | D:6      | Reached XP level 9. HP: 62/68 MP: 9/9
  6688 | D:6      | Found a basalt altar of Yredelemnul.
  7021 | D:6      | Found Ulesh's Distillery.
  7026 | D:6      | Bought a potion of invisibility for 112 gold pieces
  7026 | D:6      | Bought a potion of magic for 112 gold pieces
  7026 | D:6      | Bought a potion of lignification for 42 gold pieces
  7026 | D:6      | Bought a potion of mutation for 35 gold pieces
  7026 | D:6      | Bought a potion of might for 56 gold pieces
  7153 | D:7      | Found a radiant altar of Vehumet.
  7736 | D:7      | Noticed a hill giant
  7762 | D:7      | Killed a hill giant
  7762 | D:7      | Reached skill level 13 in Polearms
  8101 | D:7      | Found a sparkling altar of Nemelex Xobeh.
  8678 | D:8      | HP: 1/72 [wyvern (11)]
  8679 | D:8      | Reached skill level 14 in Polearms
  8679 | D:8      | Reached XP level 10. HP: 1/79 MP: 10/10
  9030 | D:8      | Reached skill level 1 in Unarmed Combat
  9052 | D:8      | Learned a level 2 spell: Sticks to Snakes
  9340 | D:8      | Noticed Gastronok
  9361 | D:8      | Killed Gastronok
  9361 | D:8      | Reached skill level 10 in Dodging
  9361 | D:8      | Reached skill level 5 in Unarmed Combat
  9398 | D:8      | Noticed Erica
  9425 | D:8      | HP: 1/82 [Erica/scimitar of flaming (6)]
  9443 | D:8      | Killed Erica
  9676 | D:4      | Bought a book of Transfigurations for 605 gold pieces
  9683 | D:4      | Learned a level 6 spell: Statue Form
  9990 | D:8      | Noticed Maurice
 10007 | D:8      | Killed Maurice
 10007 | D:8      | Reached skill level 1 in Transmutations
 10007 | D:8      | Reached XP level 11. HP: 78/87 MP: 11/11
 10017 | D:8      | Noticed Grum
 10046 | D:8      | Reached skill level 1 in Shields
 10046 | D:8      | Reached skill level 1 in Earth Magic
 10058 | D:8      | Killed Grum
 10346 | D:8      | Found a shattered altar of Ashenzari.
 10560 | D:9      | Found a staircase to the Orcish Mines.
 10972 | D:9      | Noticed Erolcha
 10977 | D:10     | Entered Level 10 of the Dungeon
 11000 | D:9      | Killed Erolcha
 11379 | D:9      | Noticed a hill giant
 11392 | D:9      | Killed a hill giant
 11876 | Orc:1    | Entered Level 1 of the Orcish Mines
 11876 | Orc:1    | Found Ecrymaph's General Store.
 11960 | Orc:1    | Bought a scroll of fear for 49 gold pieces
 11960 | Orc:1    | Bought a scroll of blinking for 105 gold pieces
 11960 | Orc:1    | Bought a meat ration for 70 gold pieces
 11960 | Orc:1    | Bought a scroll of holy word for 105 gold pieces
 11960 | Orc:1    | Bought a scroll of random uselessness for 14 gold pieces
 12134 | D:10     | Found a staircase to the Lair.
 12293 | Lair:1   | Entered Level 1 of the Lair of Beasts
 12549 | Lair:1   | Noticed a seven-headed hydra
 12558 | Lair:1   | HP: 1/89 [seven-headed hydra (10)]
 12558 | Lair:1   | Mangled by a seven-headed hydra

Action                   |  1- 3 |  4- 6 |  7- 9 | 10-12 || total
-------------------------+-------+-------+-------+-------++-------
Melee: Trident           |   128 |   253 |   495 |   412 ||  1288
Throw: Throwing net      |       |       |     1 |       ||     1
Invok: Potion Petition   |       |       |       |     1 ||     1
  Use: Scroll            |       |    10 |     4 |     2 ||    16
       Potion            |       |     1 |     2 |     8 ||    11
 Stab: Sleeping          |     1 |     5 |     1 |       ||     7
       Held in net/web   |       |       |     1 |       ||     1
       Distracted        |       |       |     1 |     4 ||     5
       Invisible         |       |       |     4 |       ||     4
  Eat: Chunk             |     1 |     6 |       |       ||     7
       Meat ration       |       |     1 |     2 |       ||     3
       Bread ration      |       |       |     1 |       ||     1
       Fruit             |       |       |       |     6 ||     6
       Beef jerky        |       |       |       |     3 ||     3
       Pizza             |       |       |       |     7 ||     7

Vault maps used:
D:1:      minmay_arrival_split_and_join, minmay_vboxes
D:2:      kennysheep_goblin_castle, grunt_ministairs_8, uniq_natasha, uniq_iyjb
D:3:      minmay_lizard_king
D:4:      first_bread, serial_shops, nicolae_shop_crystal, shop_statue, shop,
          nicolae_shop_crystal, shop, portal_sewer_entry_f
D:5:      minmay_temple_entry_large_hall, basic_altar, serial_shops,
          nicolae_shop_waterfront, hangedman_decor_points
D:6:      lemuel_ice_spiral_2, lemuel_coloured_pillars_altar, serial_shops,
          kennysheep_little_box, roderic_serpentine_path,
          kennysheep_small_square
D:7:      vehumet_statue, basic_altar, grunt_livestock
D:8:      marbit_many_paths, serial_ice, serial_ice_e, serial_ice_l,
          serial_ice_a, serial_ice_m, uniq_gastronok, uniq_maurice, uniq_erica,
          uniq_grum
D:9:      orc_0_dummy, nrook_uturn, uniq_erolcha
D:10:     david_lair_generic, kennysheep_cluttered_room
Temple:   lightli_temple_of_artemis
Lair:1:   st_stairs_3
Orc:1:    serial_shops, nicolae_shop_trees, bloody_makhleb
Sewer:    kennysheep_pipe_town
